 Dungeon Crawl Stone Soup version 0.28.0-53-g5a82cb258f (webtiles) character file.

Game seed: 2302810301471336348

255 Zeld the Magician (level 5, -6/44 HPs)
             Began as a Draconian Transmuter on June 3, 2022.
             Mangled by an orc
             ... wielding a +0 flail
              (7 damage)
             ... on level 4 of the Dungeon.
             The game lasted 00:03:20 (2618 turns).

Zeld the Magician (Draconian Transmuter)            Turns: 2618, Time: 00:03:21

Health: -6/44      AC:  5    Str: 14    XL:     5   Next: 91%
Magic:  7/10       EV: 12    Int: 13    God:
Gold:   76         SH:  0    Dex: 12    Spells: 0/10 levels left

rFire   . . .      SeeInvis .     - Unarmed
rCold   . . .      Faith    .   (no shield)
rNeg    . . .      Spirit   .   (armour unavailable)
rPois   .          Reflect  .   (helmet restricted)
rElec   .          Harm     .   (no cloak)
rCorr   .          Rampage  .   (no gloves)
Will    .....                   (no boots)
Stlth   +.........              (no amulet)
HPRegen 0.14/turn               (no ring)
MPRegen 0.12/turn               (no ring)

@: confused
A: AC +5, unfitting armour, cold-blooded
a: no special abilities


You were on level 4 of the Dungeon.
You visited 1 branch of the dungeon, and saw 3 of its levels.

You collected 76 gold pieces.

Inventory:

Jewellery
 b - a ring of willpower
 c - an amulet of the acrobat
Scrolls
 e - a scroll of amnesia {unknown}
Potions
 a - a potion of curing


   Skills:
 + Level 2.9 Fighting
 + Level 2.4 Dodging
 - Level 3.0 Unarmed Combat
 * Level 3.4 Spellcasting
 + Level 2.7 Transmutations
 - Level 2.0 Ice Magic
 - Level 2.0 Poison Magic


You couldn't memorise any spells.
You knew the following spells:

 Your Spells              Type           Power      Damage    Failure   Level
a - Beastly Appendage     Tmut           18%        N/A       7%          1
b - Wereblood             Tmut           9%         N/A       11%         2
c - Spider Form           Tmut/Pois      8%         N/A       24%         3
d - Ice Form              Ice/Tmut       8%         N/A       63%         4

Your spell library contained the following spells:

 Spells                   Type           Power      Damage    Failure   Level


Dungeon Overview and Level Annotations

Branches:
Dungeon (2/15)

Altars:

Shops:
D:1 =[


Innate Abilities, Weirdness & Mutations

Your plain brown scales are hard. (AC +5)
You cannot fit into any form of body armour.
You are cold-blooded and may be slowed by cold attacks.


Message History

You are too injured to fight recklessly!
You are too injured to fight recklessly!
You are too injured to fight recklessly!
You kill the gnoll!
The kobold throws a stone.
The stone hits you but does no damage.
Your transformation has ended.
The kobold completely misses you.
You hit the kobold.
You kill the kobold!
The gnoll throws a stone.
The stone hits you.
* * * LOW HITPOINT WARNING * * *
You open the door. 2 orcs and an orc wizard come into view.
The orc shouts!
The orc wizard shouts!
The gnoll throws a stone.
The stone hits you.
* * * LOW HITPOINT WARNING * * *
The orc wizard mumbles some strange words.
The orc wizard flickers and vanishes!
Deactivating autopickup; reactivate with Ctrl-A.
An orc comes into view. It is wielding a +0 dagger.
The orc shouts!
Found 8 gold pieces.
There is an open door here.
You barely miss the orc. You tail-slap the orc.
The orc is moderately wounded.
The orc hits you with a +0 dagger.
* * * LOW HITPOINT WARNING * * *
The gnoll hits you with a +0 club.
* * * LOW HITPOINT WARNING * * *
Unknown command.
Something hits you but does no damage.
You hit the orc but do no damage. The orc hits you with a +0 dagger.
* * * LOW HITPOINT WARNING * * *
You hear some strange, mumbled words.
You are confused.
The orc closely misses you. The orc barely misses you.
You bump into the rock wall.
The orc hits you with a +0 dagger.
* * * LOW HITPOINT WARNING * * *
Something hits you but does no damage. The orc hits you with a +0 flail!
You die...

#.K.).#
#####)#
#.# #.#
#.# ###
#.# ....
##'#.....
#o.g......
#@o.......
#.o$......
#.........
#.........
#######.##
.#


You could see a gnoll and 3 orcs.

Vanquished Creatures
  A necrophage (D:4)
  A water moccasin zombie (D:4)
  A hound skeleton (D:4)
  2 gnolls (D:4)
  2 adders (D:4)
  3 dart slugs
  2 ball pythons
  A bat (D:1)
  3 endoplasms
  3 goblins (D:2)
  10 hobgoblins
  12 jackals
  7 kobolds
  3 quokkas
  5 frilled lizards
  4 rats
60 creatures vanquished.

Notes
Turn   | Place    | Note
-------+----------+-------------------------------------------
     0 | D:1      | Zeld the Draconian Transmuter began the quest for the Orb.
     0 | D:1      | Reached XP level 1. HP: 16/16 MP: 3/3
   258 | D:1      | Found Ylujuewn's Antique Armour Shoppe.
   441 | D:1      | Reached XP level 2. HP: 17/23 MP: 3/5
   683 | D:1      | Found a faded altar of an unknown god.
   901 | D:1      | Reached skill level 1 in Ice Magic
   931 | D:1      | Found Kouh's Jewellery Emporium.
   939 | D:1      | Reached skill level 1 in Poison Magic
   998 | D:1      | Reached XP level 3. HP: 26/28 MP: 4/6
  1001 | D:1      | Learned a level 2 spell: Wereblood
  1005 | D:1      | Learned a level 3 spell: Spider Form
  1881 | D:2      | Reached XP level 4. HP: 21/35 MP: 8/8
  2070 | D:2      | You fall into a shaft and drop 2 floors!
  2161 | D:4      | Noticed a necrophage
  2171 | D:4      | Killed a necrophage
  2172 | D:4      | Reached XP level 5. HP: 31/42 MP: 9/9
  2178 | D:4      | Learned a level 4 spell: Ice Form
  2614 | D:4      | HP: 2/44 [gnoll/+0 club (2)]
  2618 | D:4      | Mangled by an orc

Illustrated notes

Levels and vault maps discovered:
D:1:      amcnicky_arrival_choice, layout_basic, serial_shops,
          nicolae_shop_overgrown_old_shop, shop,
          chequers_ecumenical_altar_simple_redux
D:2:      layout_basic
D:4:      layout_basic, temple_green, gammafunk_ghost_gnarly_gnolls,
          cheibrodos_sewer_entry_drain

Skill      XL: |  1  2  3  4 |
---------------+-------------+-----
Ice Magic      | 1 2 |  2.0
Poison Magic   | 1 2 |  2.0
Dodging        | 2 |  2.4
Fighting       | 2 |  2.9
Spellcasting   | 3 |  3.4
Unarmed Combat | |  3.0
Transmutations | |  2.7

Action                   |  1- 3 |  4- 6 || total
-------------------------+-------+-------++-------
Melee: Unarmed           |   131 |    61 ||   192
       Tailslap          |    18 |     9 ||    27
       Headbutt          |    28 |     5 ||    33
       Kick              |    22 |    14 ||    36
       Punch             |     6 |     1 ||     7
 Cast: Beastly Appendage |    34 |     7 ||    41
       Spider Form       |       |     1 ||     1
  Use: Potion            |       |     2 ||     2
Armor: Skin              |    62 |    22 ||    84
Dodge: Dodged            |   105 |    38 ||   143
